 Dungeon Crawl Stone Soup version 0.22.1-1-ga44c0e5 (webtiles) character file.

95905 Lavandula the Severer (level 15, -2/119 HPs)
             Began as a Centaur Berserker on Oct 30, 2018.
             Was a Priest of Trog.
             Killed from afar by a frost giant (45 damage)
             ... with a bolt of cold
             ... on level 3 of the Shoals on Oct 31, 2018.
             The game lasted 01:48:00 (16109 turns).

Lavandula the Severer (Centaur Berserker)          Turns: 16109, Time: 01:48:00

Health: -2/119     AC: 19    Str: 26    XL:     15   Next: 30%
Magic:  16/16      EV: 12    Int:  9    God:    Trog [***...]
Gold:   616        SH:  0    Dex: 11    Spells: 14/14 levels left

rFire    . . .     SeeInvis .   P - +5 broad axe (chop)
rCold    . . .     Gourm    .   (no shield)
rNeg     + . .     Faith    +   D - +3 pearl dragon scales
rPois    .         Spirit   .   Y - +2 helmet {Int+3}
rElec    .         Reflect  .   J - scarf {repulsion}
rCorr    .         Harm     .   (no gloves)
MR       +....                  (no barding)
Stlth    +.........             x - amulet of faith
HPRegen  0.29/turn              R - +2 ring of evasion
MPRegen  0.15/turn              f - +3 ring of slaying

@: about to teleport, repel missiles, very slow
A: large, hooves 3, thin skeletal structure 1, camouflage 1, blink, deformed
body, speed 2, high mp 1, tough skin 3, no potion heal 1, MP-powered wands
}: 1/15 runes: barnacled
a: Blink, Berserk, Trog's Hand, Renounce Religion


You were on level 3 of the Shoals.
You worshipped Trog.
Trog was most pleased with you.
You were not hungry.

You visited 4 branches of the dungeon, and saw 25 of its levels.
You also visited: Labyrinth, Sewer, Bailey and Ice Cave.

You collected 2680 gold pieces.
You spent 2064 gold pieces at shops.

Inventory:

Hand Weapons
 M - a +2 spear of venom
 P - a +5 broad axe of chopping (weapon)
 U - a +5 antimagic executioner's axe
Missiles
 d - 3 poisoned javelins (quivered)
 p - 5 throwing nets
 A - 21 steel javelins
Armour
 t - a +2 leather armour of fire resistance
 B - the +0 fire dragon scales of Words of Power {rF++ rC- rN+ Dex+4}
   (You found it in a labyrinth)

   It affects your dexterity (+4).
   It greatly protects you from fire.
   It makes you vulnerable to cold.
   It protects you from negative energy.
 D - +3 pearl dragon scales (worn)
 J - a scarf of repulsion (worn)
 Y - a +2 helmet of intelligence (worn)
Jewellery
 b - the amulet of Atranne {Gourm rElec, unknown}
   (You took it off a merfolk aquamancer on level 3 of the Shoals)

   [amulet of the gourmand]

   It allows you to eat raw meat even when not hungry.
   It insulates you from electricity.
 f - a +3 ring of slaying (right hand)
 g - an uncursed amulet of harm
 x - an amulet of faith (around neck)
 C - an uncursed amulet of magic regeneration {unknown}
 H - an uncursed ring of resist corrosion
 K - an uncursed amulet of rage
 R - a +2 ring of evasion (left hand)
 V - an uncursed ring of protection from fire
Wands
 a - a wand of random effects (19)
 i - a wand of disintegration (12)
 j - a wand of clouds (9)
 m - a wand of enslavement (27)
 q - a wand of acid (20)
 s - a wand of digging (11)
 G - a wand of iceblast (34)
 L - a wand of scattershot (7)
 S - a wand of paralysis (28)
 T - a wand of polymorph (5)
 X - a wand of flame (27)
Scrolls
 e - a scroll of fear
 k - 7 scrolls of teleportation
 n - 6 scrolls of fog
 r - 5 scrolls of remove curse
 y - 4 scrolls of blinking
 N - a scroll of vulnerability
 O - a scroll of torment
 W - a scroll of magic mapping
 Z - a scroll of amnesia {unknown}
Potions
 h - 4 potions of invisibility
 l - 4 potions of brilliance
 o - 3 potions of berserk rage
 u - 6 potions of heal wounds
 v - 5 potions of magic
 w - 5 potions of might
 z - 5 potions of haste
 E - 4 potions of curing
 F - 5 potions of agility
 I - 2 potions of resistance
Miscellaneous
 Q - a lamp of fire
Comestibles
 c - 20 rations


   Skills:
 - Level 7.6 Fighting
 - Level 20.0 Axes
 - Level 11.0 Armour
 + Level 5.7 Dodging


You had 14 spell levels left.
You didn't know any spells.
Your spell library contained the following spells:

 Spells                   Type           Power        Failure   Level  Hunger
 Animate Skeleton         Necr           N/A          65%         1    ##.....
 Corona                   Hex            #......      65%         1    ##.....
 Flame Tongue             Conj/Fire      #....        65%         1    ##.....
 Pain                     Necr           #...         65%         1    ##.....
 Blink                    Tloc           N/A          80%         2    ###....
 Shroud of Golubria       Chrm/Tloc      #.........   80%         2    ###....
 Slow                     Hex            #.......     80%         2    ###....
 Throw Flame              Conj/Fire      #.....       80%         2    ###....
 Conjure Flame            Conj/Fire      #.......     95%         3    ####...
 Gell's Gravitas          Tloc           #.........   95%         3    ####...
 Inner Flame              Hex/Fire       #.......     95%         3    ####...
 Lesser Beckoning         Tloc           #.........   95%         3    ####...
 Portal Projectile        Hex/Tloc       #.....       95%         3    ####...
 Regeneration             Chrm/Necr      #.........   95%         3    ####...
 Teleport Other           Tloc           #.......     95%         3    ####...
 Vampiric Draining        Necr           #.........   95%         3    ####...
 Animate Dead             Necr           N/A          100%        4    #####..
 Cause Fear               Hex            #.........   100%        4    #####..
 Leda's Liquefaction      Hex/Erth       #.........   100%        4    #####..
 Passage of Golubria      Tloc           N/A          100%        4    #####..
 Sticky Flame             Conj/Fire      #.......     100%        4    #####..
 Fireball                 Conj/Fire      #.........   100%        5    ######.


Dungeon Overview and Level Annotations

Branches:
Dungeon (13/15) Temple (0/1) D:6 Lair (6/6) D:11 Shoals (4/4) Lair:3 Snake (0/4) Lair:3 Slime (0/5) Lair:6 Orc (2/2) D:12 Elf (0/3) Orc:2 Vaults (0/5) D:12 D:13

Altars:
Okawaru
Xom
Beogh

Shops:
Orc:2 %}%[}   Shoals:4 :

Annotations:
Shoals:4 exclusion: Roxanne, Roxanne


Innate Abilities, Weirdness & Mutations

You have hooves in place of feet.
Armour fits poorly on your strangely shaped body.
You cover ground very quickly.
You have extremely tough skin. (AC +3)
You have a somewhat thin skeletal structure. (Dex +2, Stealth)
Your skin changes colour to match your surroundings (Stealth+).
You can translocate small distances at will.
You have an increased reservoir of magic. (+10% MP)
Potions are less effective at restoring your health.
You expend magic power (3 MP) to strengthen your wands.


Message History

Unknown command.
You feel sick.
Magic restored.
You recover from your berserk rage.
You see here a trident.
You feel sick.
You are no longer poisoned.
You enter the shallow water.
Moving in this stuff is going to be slow.
A frost giant comes into view. It is wielding a battleaxe of freezing.
The frost giant shouts!
You hear a shout!
The frost giant casts a spell at you. The bolt of cold misses you.
A cyclops comes into view.
Okay, then.
As you read the scroll of teleportation, it crumbles to dust.
You feel strangely unstable.
You are engulfed in freezing vapours.
The frost giant points at you and mumbles some strange words.
The bolt of cold hits you!
You die...

≈..# #.≈≈.≈# #P≈.#..≈ ...#
##.≈..≈# .C #P≈≈≈..≈
.#####...≈≈≈## ≈≈ ≈##P.≈≈≈≈.
####...≈≈≈≈P≈# #≈ ≈≈#≈P...≈≈.
##..≈≈≈≈≈≈≈PP## .#≈P##P≈≈≈≈≈≈.
...≈≈≈≈≈≈≈≈≈≈≈### ..≈P##≈H≈≈.≈≈..
.≈≈≈≈≈≈≈≈≈≈≈≈≈P≈##C.##≈≈≈≈≈≈≈≈...
≈≈≈≈≈≈≈≈≈≈≈≈≈≈PPP....≈≈P≈≈≈≈≈....
≈≈≈≈≈≈≈≈≈≈≈≈≈≈≈≈@......≈≈≈...##.≈
≈≈≈≈≈≈≈≈≈≈≈≈≈≈≈≈§≈....≈≈≈≈≈≈..#.≈
≈≈≈≈≈≈≈≈≈≈≈≈≈≈≈§≈≈....≈≈≈≈≈≈≈≈≈≈≈
≈≈≈≈≈≈≈≈≈≈≈≈≈≈≈≈≈≈≈≈≈≈≈≈≈≈≈≈≈≈≈≈≈
.≈≈≈≈≈≈≈≈≈≈≈≈≈≈≈≈≈≈≈≈≈≈≈≈≈≈≈≈≈≈≈≈
≈..≈≈≈≈≈≈≈≈≈≈≈≈≈≈≈≈≈≈≈≈≈≈≈≈≈≈≈≈≈.
≈≈≈≈≈.≈≈≈≈≈≈≈≈≈≈≈≈≈≈≈≈≈≈≈≈≈≈≈≈≈≈≈
≈≈.....≈≈≈≈≈≈≈≈≈≈≈≈≈≈≈≈≈≈≈≈≈≈..≈.
###....≈≈≈≈≈≈≈≈≈≈≈≈≈≈≈≈≈≈≈≈≈≈≈.≈≈


You could see a frost giant and a cyclops.

Vanquished Creatures
  A stone giant (Orc:2)
  A minotaur (Lab)
  A merfolk javelineer (Shoals:4)
  3 merfolk impalers (Shoals:3)
  3 hydras
  2 satyrs (Shoals:3)
  An alligator snapping turtle (Shoals:3)
  5 merfolk avatars
  3 two-headed ogres
  3 merfolk aquamancers
  4 death yaks (Lair:6)
  3 orc high priests (Orc:2)
  Sonja (Lair:3)
  2 unseen horrors
  9 sea snakes
  2 harpies
  4 orc knights
  5 orc sorcerers
  A deep elf mage (D:9)
  6 manticores
  An ugly thing (D:11)
  8 fauns
  3 cyclopes
  4 black mambas
  2 merfolk sirens
  5 water nymphs
  2 ice statues (IceCv)
  10 elephants
  5 spiny frogs
  4 rime drakes
  5 komodo dragons
  2 kobold demonologists (D:12)
  11 merfolk
  5 wind drakes
  4 polar bears (Lair:6)
  A hornet (D:10)
  15 blink frogs
  2 slime creatures
  6 hippogriffs
  A meliai zombie (D:9)
  6 dream sheep (Shoals:2)
  6 snapping turtles
  A shadow (D:12)
  2 wraiths (D:11)
  5 water elementals
  10 yaks
  2 wyverns
  Sigmund (D:3)
  A basilisk (Lair:4)
  8 humans
  Grum (D:10)
  The ghost of jombi the Poker, an amateur MfMo (D:3)
  4 hungry ghosts (Lab)
  3 nagas (Lair:3)
  Menkaure (D:5)
  5 wargs
  A soldier ant (D:12)
  A swamp worm (Orc:2)
  8 water moccasins
  3 porcupines
  26 orc warriors
  A black bear (D:6)
  16 ice beasts
  4 phantoms
  6 sky beasts
  2 necrophages
  4 wolves (D:10)
  An eye of draining (D:10)
  13 ogres
  7 crocodiles
  14 centaurs
  A big kobold (D:12)
  16 bullfrogs
  A wyvern zombie (D:12)
  6 scorpions
  4 killer bees
  4 wights (D:8)
  3 crimson imps
  4 howler monkeys
  2 bullfrog zombies
  2 centaur zombies
  5 hounds
  19 orc priests
  6 jellies
  2 bullfrog skeletons
  3 centaur skeletons
  3 iguanas
  34 orc wizards
  12 worker ants
  A howler monkey zombie (D:8)
  14 adders
  7 gnolls
  A howler monkey skeleton (D:9)
  A hound simulacrum (D:9)
  5 river rats (Sewer)
  3 shadow imps
  An ooze (D:2)
  An adder zombie (D:5)
  4 worms
  3 dart slugs
  2 leopard geckos
  69 orcs
  2 giant cockroaches
  10 goblins
  6 hobgoblins
  3 jackals (D:5)
  4 quokkas
  15 ball pythons
  2 bats (D:2)
  6 frilled lizards
  A jackal skeleton (D:2)
  16 kobolds
  A quokka skeleton (D:5)
  26 rats
  3 fungi (Lair:6)
  6 plants (Shoals:4)
660 creatures vanquished.

Vanquished Creatures (collateral kills)
  2 stone giants (Orc:2)
  The ghost of Sharpo the Cleaver, a journeyman TrBe of Trog (D:10)
  2 ice dragons (IceCv)
  An orc knight (Bailey)
  6 orc warriors
  An ogre (Orc:2)
  3 wights (D:10)
  4 orc priests (Orc:2)
  4 orc wizards (Orc:2)
  A hound skeleton (D:10)
  13 orcs (Orc:2)
38 creatures vanquished.

Vanquished Creatures (others)
  21 plants
21 creatures vanquished.

Grand Total: 719 creatures vanquished

Notes
Turn   | Place    | Note
-------+----------+-------------------------------------------
     0 | D:1      | Lavandula the Centaur Berserker began the quest for the
                  | Orb.
     0 | D:1      | Reached XP level 1. HP: 19/19 MP: 1/1
    70 | D:1      | Reached skill level 3 in Axes
   206 | D:1      | Reached XP level 2. HP: 26/26 MP: 2/2
   350 | D:2      | Reached ** piety under Trog
   356 | D:2      | Reached skill level 4 in Axes
   356 | D:2      | Reached XP level 3. HP: 22/31 MP: 3/3
   435 | D:3      | Noticed Sigmund
   488 | D:2      | Reached XP level 4. HP: 38/38 MP: 4/4
   579 | D:3      | Killed Sigmund
   579 | D:3      | Reached skill level 6 in Axes
   579 | D:3      | Reached XP level 5. HP: 31/45 MP: 5/5
   681 | D:3      | Reached XP level 6. HP: 39/51 MP: 6/6
   846 | D:3      | Noticed jombi's ghost (amateur MfMo)
   849 | D:3      | Found a runed gate.
   849 | D:3      | Found a runed gate.
   849 | D:3      | Found a runed gate.
   873 | D:3      | Killed jombi's ghost
   873 | D:3      | Reached skill level 7 in Axes
  1004 | D:4      | Reached XP level 7. HP: 57/57 MP: 7/7
  1038 | D:4      | Found Cangoxoch's Distillery.
  1046 | D:4      | Bought 2 potions of heal wounds for 100 gold pieces
  1241 | D:4      | Found a glowing drain.
  1247 | Sewer    | Entered a sewer
  1311 | Sewer    | Reached *** piety under Trog
  1311 | Sewer    | Reached skill level 8 in Axes
  1561 | D:4      | Reached **** piety under Trog
  1564 | D:4      | Reached skill level 5 in Fighting
  1720 | D:4      | Reached XP level 8. HP: 56/68 MP: 8/8
  1894 | D:5      | Entered Level 5 of the Dungeon
  1929 | D:5      | Noticed Menkaure
  1948 | D:5      | Killed Menkaure
  1992 | D:5      | Reached skill level 9 in Axes
  2611 | D:5      | Reached skill level 10 in Axes
  2727 | D:6      | Found a staircase to the Ecumenical Temple.
  2816 | D:6      | Reached XP level 9. HP: 46/74 MP: 9/9
  3178 | D:6      | Found an iron altar of Okawaru.
  3204 | D:7      | Reached ***** piety under Trog
  3222 | D:6      | Reached skill level 11 in Axes
  3544 | D:7      | Received a gift from Trog
  3638 | D:7      | Reached skill level 12 in Axes
  3875 | D:10     | Entered Level 10 of the Dungeon
  4054 | D:8      | Reached XP level 10. HP: 74/81 MP: 10/10
  4922 | D:9      | Found a shimmering altar of Xom.
  4929 | D:9      | Noticed a deep elf mage
  4944 | D:9      | Killed a deep elf mage
  5005 | D:10     | Received a gift from Trog
  5072 | D:10     | Found a large runed door.
  5072 | D:10     | Found a large runed door.
  5074 | D:10     | Noticed Sharpo's ghost (journeyman TrBe)
  5102 | D:10     | Killed Sharpo's ghost
  5247 | D:10     | Noticed a two-headed ogre
  5349 | D:10     | Killed a two-headed ogre
  5349 | D:10     | Reached skill level 13 in Axes
  5349 | D:10     | Reached XP level 11. HP: 78/92 MP: 11/11
  5458 | D:10     | Noticed Grum
  5473 | D:10     | Killed Grum
  5539 | D:10     | Received a gift from Trog
  5683 | D:10     | Killed an unseen horror
  5932 | D:12     | Found a frozen archway.
  5941 | IceCv    | Entered an ice cave
  5972 | IceCv    | Reached skill level 14 in Axes
  5977 | IceCv    | HP: 1/138 [ice beast (10)]
  6420 | IceCv    | Noticed an ice dragon
  6432 | IceCv    | Killed an ice dragon
  6439 | IceCv    | Noticed an ice dragon
  6442 | IceCv    | Killed an ice dragon
  6693 | D:13     | Found a gate to the Vaults.
  6693 | D:13     | Noticed a centaur warrior
  6693 | D:13     | Noticed an orc knight
  6693 | D:13     | Noticed a two-headed ogre
  6756 | D:12     | Reached skill level 15 in Axes
  6765 | D:12     | Killed an unseen horror
  6879 | D:11     | Found a staircase to the Lair.
  6934 | D:11     | Noticed a green ugly thing
  6943 | D:11     | Killed a green ugly thing
  6943 | D:11     | Reached XP level 12. HP: 95/99 MP: 12/12
  6993 | D:11     | Noticed an eight-headed hydra
  7021 | D:11     | Killed an eight-headed hydra
  7349 | D:4      | Bought a potion of lignification for 30 gold pieces
  7349 | D:4      | Bought a potion of berserk rage for 50 gold pieces
  7349 | D:4      | Bought a potion of resistance for 100 gold pieces
  7349 | D:4      | Bought a potion of haste for 100 gold pieces
  7349 | D:4      | Bought a potion of haste for 100 gold pieces
  7349 | D:4      | Bought a potion of heal wounds for 50 gold pieces
  7349 | D:4      | Bought a potion of heal wounds for 50 gold pieces
  7349 | D:4      | Bought a potion of might for 40 gold pieces
  7349 | D:4      | Bought a potion of haste for 100 gold pieces
  7349 | D:4      | Bought a potion of invisibility for 80 gold pieces
  7349 | D:4      | Bought a potion of invisibility for 80 gold pieces
  7349 | D:4      | Bought a potion of brilliance for 40 gold pieces
  7619 | D:12     | Noticed a two-headed ogre
  7653 | D:12     | Killed a two-headed ogre
  7678 | D:12     | Found a staircase to the Orcish Mines.
  7710 | D:12     | Reached skill level 16 in Axes
  7760 | Orc:1    | Entered Level 1 of the Orcish Mines
  7775 | Orc:1    | Noticed a two-headed ogre
  7784 | Orc:1    | Killed a two-headed ogre
  8285 | Orc:1    | Found a flagged portal.
  8297 | Bailey   | Entered a bailey
  8430 | Bailey   | Received a gift from Trog
  8764 | Orc:2    | Entered Level 2 of the Orcish Mines
  8771 | Orc:2    | Noticed a stone giant
  8779 | Orc:1    | Reached skill level 5 in Armour
  8838 | Orc:2    | Killed a stone giant
  8845 | Orc:2    | Noticed a stone giant
  8856 | Orc:2    | Killed a stone giant
  8896 | Orc:2    | Found a staircase to the Elven Halls.
  9034 | Orc:2    | Found a roughly hewn altar of Beogh.
  9171 | Orc:2    | Found Pitec's Gadget Emporium.
  9201 | Orc:2    | Noticed an orc high priest
  9238 | Orc:2    | Noticed an orc high priest
  9283 | Orc:2    | Reached XP level 13. HP: 54/106 MP: 11/13
  9473 | Orc:2    | Found Raitegg's Gadget Emporium.
  9474 | Orc:2    | Found Epuahigu's Food Shop.
  9684 | Orc:2    | Found Quxkoj's Antique Armour Shop.
  9701 | Orc:2    | Bought a shiny helmet for 247 gold pieces
  9701 | Orc:2    | Bought a heavily runed ring mail for 297 gold pieces
  9724 | Orc:2    | Identified the cursed +1 ring mail of Kudghoja {Int+4} (You
                  | bought it in a shop on level 2 of the Orcish Mines)
  9727 | Orc:2    | Bought a wand of enslavement (13) for 240 gold pieces
  9861 | Orc:2    | Noticed a stone giant
  9862 | Orc:2    | Found Ycesaes's Food Shoppe.
  9884 | Orc:2    | Killed a stone giant
  9990 | Orc:2    | Bought a wand of clouds (6) for 360 gold pieces
 10129 | Lair:1   | Entered Level 1 of the Lair of Beasts
 10161 | Lair:2   | Reached skill level 10 in Armour
 10188 | Lair:2   | Found a labyrinth entrance.
 10197 | Lab      | Entered a labyrinth
 10674 | Lab      | Noticed a minotaur
 10684 | Lab      | Killed a minotaur
 10743 | Lab      | Got jewelled fire dragon scales
 10755 | Lab      | Identified the cursed +0 fire dragon scales of Words of
                  | Power {rF++ rC- rN+ Dex+4} (You found it in a labyrinth)
 11092 | Lair:3   | Noticed Sonja
 11098 | Lair:3   | Killed Sonja
 11192 | Lair:3   | Found a staircase to the Shoals.
 11270 | Lair:3   | Found a staircase to the Snake Pit.
 11742 | Lair:5   | Reached skill level 17 in Axes
 11866 | Lair:6   | Entered Level 6 of the Lair of Beasts
 12093 | Lair:6   | Found a staircase to the Slime Pits.
 12126 | Lair:6   | Received a gift from Trog
 12159 | Lair:6   | Reached XP level 14. HP: 88/113 MP: 14/14
 12328 | Lair:6   | Reached skill level 18 in Axes
 13007 | Shoals:1 | Entered Level 1 of the Shoals
 13207 | Shoals:1 | Received a gift from Trog
 13271 | Shoals:1 | Gained mutation: You can translocate small distances at
                  | will. [potion of mutation]
 13271 | Shoals:1 | Gained mutation: Your body sometimes deteriorates upon
                  | taking damage. [potion of mutation]
 13271 | Shoals:1 | Gained mutation: You are weak. (Str -2) [potion of
                  | mutation]
 13271 | Shoals:1 | Gained mutation: You have a somewhat thin skeletal
                  | structure. (Dex +2, Stealth) [potion of mutation]
 13447 | Shoals:2 | Lost mutation: You are weak. (Str -2) [potion of mutation]
 13447 | Shoals:2 | Lost mutation: Your body sometimes deteriorates upon taking
                  | damage. [potion of mutation]
 13447 | Shoals:2 | Gained mutation: You expend magic power (3 MP) to
                  | strengthen your wands. [potion of mutation]
 13447 | Shoals:2 | Gained mutation: Potions are less effective at restoring
                  | your health. [potion of mutation]
 13447 | Shoals:2 | Gained mutation: Your skin changes colour to match your
                  | surroundings (Stealth+). [potion of mutation]
 13447 | Shoals:2 | Gained mutation: You have an increased reservoir of magic.
                  | (+10% MP) [potion of mutation]
 13818 | Shoals:2 | Reached skill level 19 in Axes
 14170 | Shoals:4 | Entered Level 4 of the Shoals
 14779 | Shoals:3 | Reached XP level 15. HP: 116/119 MP: 16/16
 14879 | Shoals:4 | Noticed Roxanne
 15019 | Shoals:4 | Found Looda's Book Shoppe.
 15146 | Shoals:4 | Got an ancient steel ring
 15148 | Shoals:4 | Identified the ring of Nipnoem {Str+4 Int-5 Dex+2 Stlth+}
                  | (You found it on level 4 of the Shoals)
 15647 | Shoals:3 | Got a wavering diamond amulet
 15783 | Shoals:4 | Reached skill level 20 in Axes
 15835 | Shoals:4 | Got a barnacled rune of Zot
 15896 | Shoals:4 | Reached skill level 5 in Dodging
 16108 | Shoals:3 | Noticed a frost giant
 16109 | Shoals:3 | Killed from afar by a frost giant

Skill      XL: |  1  2  3  4  5  6  7  8  9 10 11 12 13 14 15 |
---------------+----------------------------------------------+-----
Axes           | 3 4 6 7 8 10 12 13 15 16 17 19 20 | 20.0
Fighting       | 5 7 |  7.6
Dodging        | 4 5 |  5.7
Armour         | 7 11 | 11.0

Action                   |  1- 3 |  4- 6 |  7- 9 | 10-12 | 13-15 || total
-------------------------+-------+-------+-------+-------+-------++-------
Melee: Hand axe          |    52 |    78 |   388 |   122 |       ||   640
       Kick              |    14 |    20 |    87 |   162 |   220 ||   503
       Trident           |       |       |    76 |       |       ||    76
       Spear             |       |       |       |   256 |   249 ||   505
       Broad axe         |       |       |       |   329 |   493 ||   822
 Fire: Hunting sling     |       |       |       |     9 |       ||     9
Throw: Javelin           |       |       |       |       |     5 ||     5
       Throwing net      |       |       |       |       |     2 ||     2
Invok: Berserk           |     2 |     5 |    17 |    23 |    27 ||    74
       Trog's Hand       |     1 |     2 |     1 |    22 |    42 ||    68
       Brothers in Arms  |       |       |       |     7 |     3 ||    10
Evoke: Wand              |       |       |       |       |    16 ||    16
       Lamp of fire      |       |       |       |       |     1 ||     1
  Use: Scroll            |       |     1 |     7 |     9 |    18 ||    35
       Potion            |       |       |       |     3 |     2 ||     5
 Stab: Distracted        |       |       |       |     1 |       ||     1
       Confused          |       |       |       |       |     3 ||     3
  Eat: Chunk             |       |     6 |    20 |    32 |    43 ||   101
       Ration            |       |       |     2 |     4 |     7 ||    13
Armor: Animal skin       |    18 |    22 |       |       |       ||    40
       Leather armour    |       |     6 |   109 |   129 |     6 ||   250
       Fire dragon scale |       |       |       |       |    95 ||    95
       Ring mail         |       |       |       |       |     8 ||     8
       Pearl dragon scal |       |       |       |       |    78 ||    78
Dodge: Dodged            |    32 |    29 |   155 |   280 |   241 ||   737
       Deflected         |       |       |       |    19 |    23 ||    42
